 Dungeon Crawl Stone Soup version 0.31-a0-236-g9a0961fb85 (webtiles) character file.

Game seed: 5494660883467648488

828 peerlesstires the Covered (level 7, -1/100 HPs)
             Began as a Minotaur Fighter on July 10, 2023.
             Was a Priest of Uskayaw.
             Slain by Maggie
             ... wielding a +2 scimitar of flaming
              (5 damage)
             ... on level 5 of the Dungeon.
             The game lasted 00:13:27 (3924 turns).

peerlesstires the Covered (Minotaur Fighter)        Turns: 3924, Time: 00:13:28

Health: -1/100     AC: 23    Str: 23    XL:     7   Next: 65%
Magic:  6/6        EV:  2    Int:  5    God:    Uskayaw [***...]
Gold:   275        SH:  4    Dex:  9    Spells: 6/6 levels left

rFire   . . .        s - +2 war axe (flame)
rCold   . . .        c - +0 buckler
rNeg    . . .        b - melded +0 scale mail
rPois   +            (helmet currently unavailable)
rElec   .            (cloak currently unavailable)
rCorr   .            (gloves currently unavailable)
SInv    +            (boots currently unavailable)
Will    .....        (no amulet)
Stlth   +            o - ring of see invisible
HPRegen 0.36/turn    k - +5 ring of evasion
MPRegen 0.10/turn

%: no passive effects
@: tree-form
A: stationary, stasis, torment immunity, boosted hp, (horns 2), (retaliatory
headbutt), (hooves 1), (cold resistance 1), robust 1
a: Renounce Religion, Stomp, Line Pass


You were on level 5 of the Dungeon.
You worshipped Uskayaw.
Uskayaw was noncommittal.
You were a tree.
You visited 1 branch of the dungeon, and saw 6 of its levels.

You collected 275 gold pieces.

Inventory:

Hand Weapons
 a - a +0 war axe
 r - a +2 dagger of venom
 s - a +2 war axe of flaming (weapon)
Missiles
 v - a throwing net
Armour
 b - a +0 scale mail (melded)
 c - a +0 buckler (worn)
Magical Staves
 h - a staff of poison
Jewellery
 k - a +5 ring of evasion (right branch)
 o - a ring of see invisible (left branch)
Scrolls
 e - 3 scrolls of identify
 g - a scroll of immolation
 i - 4 scrolls of enchant armour
 q - 2 scrolls of amnesia
Potions
 d - a potion of curing
 f - 2 potions of haste
 m - a potion of mutation
 n - a potion of enlightenment
 u - a potion of brilliance


   Skills:
 + Level 5.0 Fighting
 + Level 5.8(6.3) Axes
 * Level 3.6(5.2) Maces & Flails
 * Level 6.8 Armour
 + Level 1.8 Dodging
 + Level 1.0 Stealth
 + Level 4.5 Shields


You had 6 spell levels left.
You didn't know any spells.
Your spell library contained the following spells:

 Spells                   Type           Power      Damage    Failure   Level
 Sting                    Tmut/Pois      0%         1d3       54%         1
 Poisonous Vapours        Pois/Air       0%         N/A       67%         2
 Gell's Gravitas          Tloc           0%         N/A       88%         3
 Teleport Other           Tloc           0%         N/A       88%         3
 Olgreb's Toxic Radiance  Pois           0%         N/A       99%         4
 Dispersal                Tloc           0%         N/A       100%        6


Dungeon Overview and Level Annotations

Branches:
Dungeon (6/15)
 Temple: D:4-7

Altars:
Dithmenos
Fedhas
Hepliaklqana
Uskayaw

Shops:
D:2 *   D:5 *

Annotations:
D:5 Maggie, Prince Ribbit


Innate Abilities, Weirdness & Mutations

You are a tree.
Your roots penetrate the ground, keeping you stationary.
You cannot be teleported.
You are immune to unholy pain and torment.
Your maximum health is greatly increased.
Your equipment is partially melded.
((You have a pair of horns on your head.))
((You reflexively headbutt those who attack you in melee.))
((You have large cloven feet.))
((Your flesh is cold resistant. (rC+)))
You are robust. (+10% HP)


Message History

The bolt of fire hits you!
You closely miss Maggie. You kick Maggie, but do no damage.
Maggie is moderately wounded.
Maggie hits you with a +2 scimitar of flaming.
Maggie burns you.
* * * LOW HITPOINT WARNING * * *
Maggie misses you.
As you read the scroll labelled PEM EZI EKHLITH, it crumbles to dust.
It is a scroll of enchant weapon.
Your +1 war axe of flaming glows red for a moment.
Maggie gestures wildly while chanting.
Maggie attempts to bespell you!
You are mesmerised by Maggie!
Okay, then.
Really quaff the potion of lignification?
You turn into a tree.
Your +0 scale mail melds into your body.
Your roots penetrate the ground.
Maggie casts a spell at you. The bolt of fire hits you!
* * * LOW HITPOINT WARNING * * *
You hit Maggie. You burn Maggie.
Maggie is moderately wounded.
Maggie hits you with a +2 scimitar of flaming!
* * * LOW HITPOINT WARNING * * *
Maggie burns you.
* * * LOW HITPOINT WARNING * * *
You slash Maggie! You burn Maggie.
Maggie is heavily wounded.
Maggie casts a spell.
Maggie draws you further into her thrall.
Uskayaw will force your foes to helplessly watch your dance.
Uskayaw prepares the audience for your solo!
The helpless Maggie fails to defend herself.
You hit Maggie. You burn Maggie.
Maggie is heavily wounded.
You break out of your daze!
Maggie is no longer paralysed.
Maggie hits you with a +2 scimitar of flaming.
You die...

#### ############## #...
#............# #...
#............# #...
#............# #...
#............# #...
#............#
#...#######.###.######
....o...........♣....#
#...####......#@.###.#
###...##......#..###.# #
#...##......#...[..#
###l..##.....##...####
..................######
........#....###.......#
........#....###.#####.#
........#....#.........#


You could see Maggie.

Vanquished Creatures
  Duvessa (D:5)
  A phantom (D:5)
  An ogre (D:2)
  A scorpion (D:5)
  Dowan (D:5)
  A jelly (D:5)
  A gnoll bouda (D:5)
  Terence (D:2)
  4 iguanas
  A sleepcap (D:5)
  Robin (D:3)
  5 gnolls (D:5)
  9 adders
  A shadow imp (D:5)
  2 white imps (D:5)
  A dart slug (D:1)
  A worm (D:2)
  5 orcs
  6 bats
  8 endoplasms
  13 goblins
  12 hobgoblins
  3 quokkas
  5 ball pythons
  4 frilled lizards
  5 kobolds
  3 rats
97 creatures vanquished.

Notes
Turn   | Place    | Note
-------+----------+-------------------------------------------
     0 | D:1      | peerlesstires the Minotaur Fighter began the quest for the
                  | Orb.
     0 | D:1      | Reached XP level 1. HP: 19/19 MP: 0/0
   213 | D:1      | Reached XP level 2. HP: 27/27 MP: 1/1
   598 | D:2      | Reached skill level 4 in Armour
   647 | D:2      | Reached XP level 3. HP: 23/33 MP: 2/2
  1250 | D:2      | Noticed an ogre
  1256 | D:2      | Killed an ogre
  1257 | D:2      | Reached skill level 1 in Maces & Flails
  1257 | D:2      | Reached XP level 4. HP: 40/40 MP: 3/3
  1275 | D:2      | Found Rofust's Assorted Antiques.
  1311 | D:2      | Reached skill level 1 in Dodging
  1399 | D:2      | Noticed Terence
  1403 | D:2      | Killed Terence
  1404 | D:2      | Reached XP level 5. HP: 39/47 MP: 4/4
  1538 | D:3      | Found a blossoming altar of Fedhas.
  1638 | D:3      | Found a hide-covered altar of Uskayaw.
  1643 | D:3      | Became a worshipper of Uskayaw the Reveller
  1716 | D:3      | Reached * piety under Uskayaw
  1717 | D:3      | Reached skill level 5 in Armour
  1741 | D:3      | Found a shadowy altar of Dithmenos.
  1760 | D:3      | Noticed Robin
  1781 | D:3      | Reached ** piety under Uskayaw
  1850 | D:3      | Killed Robin
  2224 | D:3      | Found a hazy altar of Hepliaklqana.
  2596 | D:4      | Reached XP level 6. HP: 53/53 MP: 5/5
  3025 | D:5      | Entered Level 5 of the Dungeon
  3042 | D:5      | Reached *** piety under Uskayaw
  3048 | D:5      | Noticed Duvessa
  3088 | D:5      | Noticed Dowan
  3117 | D:5      | Killed Duvessa
  3118 | D:5      | Reached skill level 5 in Axes
  3118 | D:5      | Reached skill level 6 in Armour
  3118 | D:5      | Killed Dowan
  3119 | D:5      | Reached XP level 7. HP: 60/60 MP: 6/6
  3286 | D:5      | Reached **** piety under Uskayaw
  3323 | D:5      | Noticed Prince Ribbit
  3341 | D:5      | Gained mutation: You have large cloven feet. [potion of
                  | mutation]
  3341 | D:5      | Gained mutation: You are robust. (+10% HP) [potion of
                  | mutation]
  3341 | D:5      | Gained mutation: Your flesh is cold resistant. (rC+)
                  | [potion of mutation]
  3360 | D:5      | Reached skill level 5 in Fighting
  3556 | D:5      | Found Yhubutza's Assorted Antiques.
  3815 | D:5      | Reached skill level 1 in Stealth
  3908 | D:6      | Noticed Maggie
  3922 | D:5      | HP: 5/100 [Maggie/+2 scimitar of flaming (11)]
  3924 | D:5      | Slain by Maggie

Illustrated notes

Levels and vault maps discovered:
D:1:      wheals_arrival_shading, layout_rooms
D:2:      layout_basic, serial_shops, shop, uniq_terence
D:3:      layout_rooms, mainiacjoe_overflow_six_doors_small,
          mainiacjoe_overflow_24_doors, mainiacjoe_overflow_paths,
          fedhas_altar_1, uniq_robin
D:4:      layout_loops_ring, hex_large, corexii_shack
D:5:      layout_basic, nicolae_overflow_hidden_temple, serial_shops, shop,
          uniq_duvessa, uniq_prince_ribbit1
D:6:      layout_rooms, minmay_temple_entry_mini_moons, minmay_manual_monolith,
          uniq_maggie

Skill      XL: |  1  2  3  4  5  6  7 |
---------------+----------------------+-----
Fighting       | 4 5 |  5.0
Armour         | 4 5 6 |  6.8
Shields        | 4 |  4.5
Axes           | 3 4 5 |  5.8
Maces & Flails | 1 2 3 |  3.6
Dodging        | 1 |  1.8
Stealth        | 1 |  1.0

Action                     |  1- 3 |  4- 6 |  7- 9 || total
---------------------------+-------+-------+-------++-------
  Melee: War axe           |    71 |   114 |    42 ||   227
         Headbutt          |     6 |    19 |     5 ||    30
         Kick              |       |       |     8 ||     8
    Use: Potion            |     1 |       |     7 ||     8
         Scroll            |       |       |    13 ||    13
   Stab: Paralysed         |       |     3 |     4 ||     7
 Armour: Scale mail        |    35 |    32 |     6 ||    73
  Dodge: Dodged            |    38 |    87 |    35 ||   160
  Block: Buckler           |    17 |    31 |     9 ||    57

Table legend: (Time is in decaauts)
 A = Elapsed time spent in this place.
 B = Non-inter-level travel time spent in this place.
 C = Inter-level travel time spent in this place.
 D = Time resting spent in this place.
 E = Time spent auto-exploring this place.
 F = Levels seen in this place.
 G = Mean time per level.
                   A        B        C        D        E       F      G
               +--------+--------+--------+--------+--------+-----+--------+
         Total |   3978 |   3910 |     68 |    667 |   2018 |   6 |  663.0 |
       Dungeon |   3978 |   3910 |     68 |    667 |   2018 |   6 |  663.0 |
               +--------+--------+--------+--------+--------+-----+--------+

Top non-repeatable levels by time:
     D:2: 1060 daAuts
     D:3: 953 daAuts
     D:5: 753 daAuts
     D:4: 697 daAuts
     D:1: 505 daAuts
     D:6: 7 daAuts
